 Dungeon Crawl Stone Soup version 0.18-a0-1372-gd644665 (webtiles) character file.

30 Kilingo the Vexing (level 3, 0/20 HPs)
             Began as a Kobold Arcane Marksman on Feb 22, 2016.
             Slain by an adder (2 damage)
             ... on level 2 of the Dungeon.
             The game lasted 00:29:13 (1378 turns).

Kilingo the Vexing (Kobold Arcane Marksman)         Turns: 1378, Time: 00:29:14

Health: 0/20       AC:  3    Str: 10    XL:     3   Next: 35%
Magic:  2/5        EV: 10    Int: 11    God:
Gold:   63         SH:  0    Dex: 15    Spells: 2 memorised, 2 levels left

rFire  . . .     SeeInvis .     k - +0 dagger (curse)
rCold  . . .     Gourm    .     b - +1 robe
rNeg   . . .     Faith    .     (shield restricted)
rPois  .         Spirit   .     (no helmet)
rElec  .         Dismiss  .     (no cloak)
rCorr  .         Reflect  .     (no gloves)
SustAt .         Harm     .     (no boots)
MR     .....                    (no amulet)
Stlth  ++........               (no ring)
                                (no ring)

@: lethally poisoned (0 -> -5), very slightly contaminated, not resistant to
hostile enchantments, unstealthy
A: carnivore 3
a: no special abilities


You were on level 2 of the Dungeon.
You were not hungry.

You visited 1 branch of the dungeon, and saw 2 of its levels.

You collected 63 gold pieces.

Inventory:

Hand Weapons
 a - a +0 hunting sling
 g - a +0 dagger
 h - a +1 hunting sling of freezing
 k - a cursed +0 dagger (weapon)
Missiles
 d - 20 sling bullets
 i - 11 stones (quivered)
Armour
 b - a +1 robe (worn)
Scrolls
 e - 2 scrolls of enchant armour
Potions
 l - a potion of agility
 m - a potion of lignification {unknown}
Books
 c - a book of Debilitation

   Spells                             Type                      Level
   a - Corona                         Hexes                        1
   b - Slow                           Hexes                        2
   c - Gell's Gravitas                Hexes/Translocation          3
   d - Inner Flame                    Hexes/Fire                   3
   e - Cause Fear                     Hexes                        4
   f - Leda's Liquefaction            Hexes/Earth                  4
Comestibles
 f - 2 meat rations
 j - a chunk of flesh
 n - a beef jerky


   Skills:
 + Level 1.3 Fighting
 + Level 0.3 Short Blades
 - Level 2.6 Slings
 + Level 3.0 Dodging
 + Level 0.4 Stealth
 + Level 1.5 Spellcasting
 + Level 3.3 Hexes


You had 2 spell levels left.
You knew the following spells:

 Your Spells              Type           Power        Failure   Level  Hunger
a - Corona                Hex            #......      10%         1    ##.....
b - Slow                  Hex            #.......     14%         2    ###....


Dungeon Overview and Level Annotations

Branches:
Dungeon (2/15)

Altars:


Innate Abilities, Weirdness & Mutations

You are small and have problems with some larger weapons.
You are carnivorous and can eat meat at any time.


Message History

The adder barely misses you.
You closely miss the adder.
The adder is severely wounded.
You feel sick. The adder misses you.
The adder stops glowing.
The adder bites you.
You are lethally poisoned!
The adder poisons you!
You feel sick.
* * * LOW HITPOINT WARNING * * *
You feel sick. The adder bites you.
* * * LOW HITPOINT WARNING * * *
* * * LOW HITPOINT WARNING * * *
You feel sick.
* * * LOW HITPOINT WARNING * * *
You feel sick. The adder closely misses you.
* * * LOW HITPOINT WARNING * * *
You feel sick.
There is a stone staircase leading up here.
The adder barely misses you. The adder bites you.
You die...

############....
...#........# #
#.........##.# #
####..........#.#
##.#...............#
#................###
#..................####..
#................#..##...
########@S.......##.#....
####.................
#..............#.#.>..
....###.......>.##......
.. #..........##.....
##.......#........
##.....###...[... #######
#....#.. #....###


You could see an adder.

Vanquished Creatures
  An ooze (D:1)
  6 bats (D:1)
  7 goblins (D:1)
  2 hobgoblins (D:1)
  A giant newt (D:1)
  4 kobolds (D:1)
  4 rats (D:1)
25 creatures vanquished.

Notes
Turn   | Place    | Note
--------------------------------------------------------------
     0 | D:1      | Kilingo the Kobold Arcane Marksman began the quest for the Orb.
     0 | D:1      | Reached XP level 1. HP: 12/12 MP: 2/2
   202 | D:1      | Reached XP level 2. HP: 13/16 MP: 0/3
   712 | D:1      | Learned a level 2 spell: Slow
   935 | D:1      | Reached XP level 3. HP: 17/20 MP: 2/5
  1378 | D:2      | Slain by an adder

Vault maps used:
D:1:      minmay_arrival_up_and_down, minmay_surrounded
D:2:      overflow_temple_1_default, lemuel_zombie_altar_kikubaaqudgha,
          nemelex_diamond_rough_becter

Action                   || total
-------------------------++-------
Melee: Unarmed           ||    13
       Dagger            ||    89
 Fire: Hunting sling     ||    11
Throw: Stone             ||    16
 Cast: Corona            ||    28
       Slow              ||     4
  Use: Scroll            ||     6
 Stab: Distracted        ||     1
       Sleeping          ||     1
  Eat: Chunk             ||     4
